 Dungeon Crawl Stone Soup version 0.25-a0-503-ge281fa673e (webtiles) character file.

Game seed: 18317414315586517564, levelgen mode: deterministic

12027 RedPan the Protected (level 11, -6/84 HPs)
             Began as a Gnoll Wanderer on Feb 13, 2020.
             Was an Elder of Cheibriados.
             Mangled by a death yak (15 damage)
             ... on level 1 of the Lair of Beasts.
             The game lasted 00:28:02 (11812 turns).

RedPan the Protected (Gnoll Wanderer)              Turns: 11812, Time: 00:28:03

Health: -6/84      AC: 21    Str: 27    XL:     11   Next: 86%
Magic:  13/20      EV: 13    Int: 26    God:    Cheibriados [****..]
Gold:   528        SH:  7    Dex: 24    Spells: 20/23 levels left

rFire    . . .     SeeInvis .   C - +3 scimitar (flame)
rCold    . . .     Gourm    .   y - +0 buckler
rNeg     . . .     Faith    .   A - +0 plate armour
rPois    +         Spirit   .   n - +0 helmet
rElec    .         Reflect  .   i - +2 cloak
rCorr    .         Harm     .   (no gloves)
MR       +....                  q - +0 pair of boots
Stlth    ..........             m - amulet of the acrobat
HPRegen  0.24/turn              h - ring of protection from magic
MPRegen  0.17/turn              j - ring of poison resistance

@: very slow
A: distributed training, fangs 1, strong nose
a: Bend Time, Temporal Distortion, Slouch, Renounce Religion


You were on level 1 of the Lair of Beasts.
You worshipped Cheibriados.
Cheibriados was greatly pleased with you.
You were hungry.

You visited 3 branches of the dungeon, and saw 12 of its levels.
You also visited: Ossuary.

You collected 633 gold pieces.
You spent 105 gold pieces at shops.

Inventory:

Hand Weapons
 l - a +0 war axe
 C - a +3 scimitar of flaming (weapon)
Armour
 i - a +2 cloak (worn)
 n - a +0 helmet (worn)
 q - a +0 pair of boots (worn)
 y - a +0 buckler (worn)
 A - a +0 plate armour (worn)
Jewellery
 h - a ring of protection from magic (left hand)
 j - a ring of poison resistance (right hand)
 m - an amulet of the acrobat (around neck)
 E - an uncursed ring of see invisible
 I - an uncursed ring of protection from fire
Wands
 b - a wand of paralysis (16)
 f - a wand of clouds (4)
 w - a wand of acid (2)
 z - a wand of enslavement (10)
Scrolls
 a - 2 scrolls of teleportation
 e - 3 scrolls of magic mapping
 g - a scroll of holy word
 o - 2 scrolls of fog
 r - 3 scrolls of blinking
 s - a scroll of enchant armour
 u - a scroll of vulnerability
 v - 5 scrolls of remove curse
 x - 3 scrolls of identify
Potions
 c - 2 potions of curing
 k - 2 potions of magic
 t - 4 potions of mutation
 B - 2 potions of brilliance
 D - a potion of invisibility
 F - a potion of berserk rage
 H - a potion of lignification
Comestibles
 d - 22 rations


   Skills:
 + Level 7.1 Fighting
 + Level 6.6 Short Blades
 + Level 6.6 Long Blades
 + Level 8.1 Axes
 + Level 6.6 Maces & Flails
 + Level 6.6 Polearms
 + Level 6.6 Staves
 + Level 6.6 Slings
 + Level 6.6 Bows
 + Level 7.1 Crossbows
 + Level 6.6 Throwing
 + Level 10.7 Armour
 + Level 6.6 Dodging
 + Level 7.0 Stealth
 + Level 7.1 Shields
 + Level 6.6 Unarmed Combat
 + Level 6.6 Spellcasting
 + Level 5.4 Conjurations
 + Level 5.4 Hexes
 + Level 5.4 Charms
 + Level 5.4 Summonings
 + Level 5.4 Necromancy
 + Level 5.4 Translocations
 + Level 5.4 Transmutations
 + Level 5.4 Fire Magic
 + Level 5.4 Ice Magic
 + Level 5.4 Air Magic
 + Level 5.4 Earth Magic
 + Level 5.4 Poison Magic
 + Level 7.2 Invocations
 + Level 6.6 Evocations


You had 20 spell levels left.
You knew the following spells:

 Your Spells              Type           Power        Failure   Level  Hunger
a - Mephitic Cloud        Conj/Pois/Air  #####...     17%         3    None

Your spell library contained the following spells:

 Spells                   Type           Power        Failure   Level  Hunger
 Magic Dart               Conj           ####         6%          1    None
 Sandblast                Erth           #####.       6%          1    None
 Blink                    Tloc           N/A          9%          2    None
 Call Imp                 Summ           #####...     9%          2    None
 Passwall                 Tmut/Erth      #####...     9%          2    None
 Slow                     Hex            #####...     9%          2    None
 Conjure Flame            Conj/Fire      #####...     17%         3    None
 Stone Arrow              Conj/Erth      #####.       17%         3    None
 Petrify                  Tmut/Erth      #####...     50%         4    ###....
 Lee's Rapid Deconstruct  Erth           #####.....   85%         5    #####..


Dungeon Overview and Level Annotations

Branches:
Dungeon (10/15)            Temple (1/1) D:6            Lair (1/6) D:10
    Orc (0/2) D:9         Ossuary (visited)

Altars:
Ashenzari
Cheibriados
Dithmenos
Elyvilon
Fedhas
Gozag
Hepliaklqana
Kikubaaqudgha
Makhleb
Nemelex Xobeh
Okawaru
Qazlal
Ru
Sif Muna
Uskayaw
Vehumet
Wu Jian
Xom
Yredelemnul
Zin
The Shining One

Shops:
D:4 ?


Innate Abilities, Weirdness & Mutations

Your experience applies equally to all skills.
You have very sharp teeth.
Your uncanny sense of smell can sniff out nearby items.


Message History

The death yak is severely wounded.
The death yak gores you but does no damage.
You completely miss the death yak.
The death yak is severely wounded.
The death yak barely misses you.
You slash the death yak! You burn the death yak.
The death yak is almost dead.
The death yak gores you.
* * * LOW HITPOINT WARNING * * *
You barely miss the death yak.
The death yak is almost dead.
You hit the death yak but do no damage.
The death yak is almost dead.
The death yak completely misses you.
You riposte.
You barely miss the death yak.
The death yak is almost dead.
You hit the death yak but do no damage.
The death yak is almost dead.
The death yak gores you!
You die...

.. ...........Y......... .#
.....#.######Y....... .#..
..............Y........
....>... ........#.#......##
............................
...#.#.#.###.##..###......#.
##..# .....................
....# #..#.#.#Y###P#.##.##
....#######.#.##@####### .P
..#..##.⌠.##............
..#..#......#####.......
.....+..>)⌠.............
..#..#.....#......#PP##.
..#..#..⌠..#...........
.#..#.#.##....##.#. ....
....#......^... .......
##.......PP.#..# #


You could see a death yak.

Vanquished Creatures
  3 death yaks (Lair:1)
  Pikel (D:4)
  A cyclops (D:9)
  A manticore (D:10)
  2 black mambas (Lair:1)
  A gargoyle (D:10)
  An efreet (D:8)
  A queen bee (D:8)
  3 hippogriffs
  3 wyverns
  A hungry ghost (D:8)
  A water moccasin (Lair:1)
  7 orc warriors
  An eye of draining (D:8)
  4 ice beasts
  A slave (D:3)
  A black bear (D:10)
  2 phantoms
  7 ogres
  A crocodile (D:9)
  2 big kobolds (D:8)
  Blork the orc (D:5)
  8 bullfrogs
  4 scorpions
  29 killer bees
  A wight (D:8)
  5 howler monkeys
  4 centaur zombies
  10 crimson imps
  A quasit (D:5)
  6 hounds
  5 jellies
  An orc priest (D:3)
  3 bullfrog skeletons
  A centaur skeleton (D:10)
  5 orc wizards
  2 iguanas (D:8)
  8 worker ants
  2 big kobold zombies (Ossuary)
  A hound zombie (D:5)
  6 mummies (Ossuary)
  A worker ant zombie (D:8)
  Robin (D:4)
  14 adders
  6 gnolls
  2 shadow imps
  2 worms
  A dart slug (D:4)
  3 leopard geckos
  28 orcs
  2 giant cockroaches
  9 goblins
  10 hobgoblins
  10 jackals
  10 kobolds
  6 quokkas
  7 bats
  3 frilled lizards
  4 hobgoblin zombies (Ossuary)
  A quokka skeleton (D:4)
  4 rats
272 creatures vanquished.

Vanquished Creatures (others)
  A slave (D:4)
  A centaur skeleton (D:8)
  2 worker ants (D:4)
  An adder (D:4)
  5 goblins (D:4)
10 creatures vanquished.

Grand Total: 282 creatures vanquished

Notes
Turn   | Place    | Note
-------+----------+-------------------------------------------
     0 | D:1      | RedPan the Gnoll Wanderer began the quest for the Orb.
     0 | D:1      | RedPan set off with the following items: a +0 hand axe, a
                  | +2 scale mail, a potion of curing, a ration
     0 | D:1      | Reached XP level 1. HP: 17/17 MP: 1/1
    96 | D:1      | Reached XP level 2. HP: 12/23 MP: 2/2
   852 | D:1      | Reached XP level 3. HP: 26/28 MP: 3/3
  1142 | D:2      | Reached skill level 1 in Invocations
  1147 | D:2      | Reached skill level 1 in Short Blades
  1147 | D:2      | Reached skill level 1 in Long Blades
  1147 | D:2      | Reached skill level 1 in Maces & Flails
  1147 | D:2      | Reached skill level 1 in Polearms
  1147 | D:2      | Reached skill level 1 in Staves
  1147 | D:2      | Reached skill level 1 in Slings
  1147 | D:2      | Reached skill level 1 in Bows
  1147 | D:2      | Reached skill level 1 in Throwing
  1147 | D:2      | Reached skill level 1 in Dodging
  1147 | D:2      | Reached skill level 1 in Unarmed Combat
  1147 | D:2      | Reached skill level 1 in Spellcasting
  1147 | D:2      | Reached skill level 1 in Evocations
  1147 | D:2      | Reached XP level 4. HP: 34/34 MP: 5/5
  1160 | D:2      | Noticed an earth elemental
  1162 | D:2      | Found a stormy altar of Qazlal.
  1164 | D:2      | Noticed a water elemental
  1169 | D:2      | Noticed an air elemental
  1376 | D:2      | Noticed a fire elemental
  1819 | D:2      | You fall into a shaft and drop 1 floor!
  1958 | D:2      | Reached skill level 1 in Conjurations
  1958 | D:2      | Reached skill level 1 in Hexes
  1958 | D:2      | Reached skill level 1 in Charms
  1958 | D:2      | Reached skill level 1 in Summonings
  1958 | D:2      | Reached skill level 1 in Necromancy
  1958 | D:2      | Reached skill level 1 in Translocations
  1958 | D:2      | Reached skill level 1 in Transmutations
  1958 | D:2      | Reached skill level 1 in Fire Magic
  1958 | D:2      | Reached skill level 1 in Ice Magic
  1958 | D:2      | Reached skill level 1 in Air Magic
  1958 | D:2      | Reached skill level 1 in Earth Magic
  1958 | D:2      | Reached skill level 1 in Poison Magic
  2163 | D:3      | Reached XP level 5. HP: 33/40 MP: 6/6
  3213 | D:4      | Reached XP level 6. HP: 23/47 MP: 8/8
  3433 | D:4      | Noticed a slave
  3455 | D:3      | Killed a slave
  3474 | D:4      | Noticed a slave
  3475 | D:4      | Noticed Pikel
  3475 | D:4      | Noticed a slave
  3484 | D:4      | Paralysed by Pikel for 5 turns
  3484 | D:4      | Noticed a slave
  3512 | D:4      | Killed Pikel
  3512 | D:4      | Reached skill level 5 in Axes
  3512 | D:4      | Reached XP level 7. HP: 33/53 MP: 8/10
  3708 | D:4      | Noticed Robin
  3714 | D:4      | Reached skill level 9 in Armour
  3751 | D:4      | Killed Robin
  3895 | D:4      | Found Leq Enenn's Magic Scroll Emporium.
  3929 | D:4      | Bought a scroll of teleportation for 30 gold pieces
  3929 | D:4      | Bought a scroll of blinking for 75 gold pieces
  4064 | D:5      | Entered Level 5 of the Dungeon
  4105 | D:5      | Reached XP level 8. HP: 60/60 MP: 12/12
  4206 | D:5      | Found a sand-covered staircase.
  4212 | Ossuary  | Entered an ossuary
  4690 | D:5      | Noticed Blork the orc
  4718 | D:5      | Killed Blork the orc
  5547 | D:6      | Found a staircase to the Ecumenical Temple.
  5556 | Temple   | Entered the Ecumenical Temple
  5761 | Temple   | Became a worshipper of Cheibriados the Contemplative
  5798 | D:6      | Reached XP level 9. HP: 64/66 MP: 14/14
  6637 | D:7      | Reached * piety under Cheibriados
  6990 | D:8      | Found a hazy altar of Hepliaklqana.
  7062 | D:8      | Found an ancient bone altar of Kikubaaqudgha.
  7131 | D:8      | Reached skill level 5 in Fighting
  7131 | D:8      | Reached skill level 5 in Crossbows
  7131 | D:8      | Reached skill level 5 in Shields
  7156 | D:8      | Noticed a queen bee
  7185 | D:8      | Killed a queen bee
  7185 | D:8      | Reached skill level 5 in Stealth
  7245 | D:8      | Reached skill level 5 in Invocations
  7599 | D:8      | Found a shadowy altar of Dithmenos.
  7646 | D:8      | Reached XP level 10. HP: 32/74 MP: 13/17
  7968 | D:8      | Reached ** piety under Cheibriados
  8088 | D:8      | Reached skill level 5 in Short Blades
  8088 | D:8      | Reached skill level 5 in Long Blades
  8088 | D:8      | Reached skill level 5 in Maces & Flails
  8088 | D:8      | Reached skill level 5 in Polearms
  8088 | D:8      | Reached skill level 5 in Staves
  8088 | D:8      | Reached skill level 5 in Slings
  8088 | D:8      | Reached skill level 5 in Bows
  8088 | D:8      | Reached skill level 5 in Throwing
  8088 | D:8      | Reached skill level 5 in Dodging
  8088 | D:8      | Reached skill level 5 in Unarmed Combat
  8088 | D:8      | Reached skill level 5 in Spellcasting
  8088 | D:8      | Reached skill level 5 in Evocations
  8181 | D:8      | Reached skill level 10 in Armour
  8193 | D:8      | Reached *** piety under Cheibriados
  9723 | D:9      | Found a shimmering altar of Xom.
  9726 | D:9      | Noticed an angel
  9731 | D:9      | Found a glowing silver altar of Zin.
  9736 | D:9      | Reached **** piety under Cheibriados
  9796 | D:9      | Reached XP level 11. HP: 71/82 MP: 19/19
 10009 | D:9      | Found a staircase to the Orcish Mines.
 10135 | D:9      | Noticed a cyclops
 10144 | D:9      | Killed a cyclops
 10240 | D:9      | Found a radiant altar of Vehumet.
 10240 | D:9      | Found a burning altar of Makhleb.
 10411 | D:10     | Entered Level 10 of the Dungeon
 10549 | D:10     | Noticed a manticore
 10555 | D:10     | Killed a manticore
 10555 | D:10     | Reached skill level 5 in Conjurations
 10555 | D:10     | Reached skill level 5 in Hexes
 10555 | D:10     | Reached skill level 5 in Charms
 10555 | D:10     | Reached skill level 5 in Summonings
 10555 | D:10     | Reached skill level 5 in Necromancy
 10555 | D:10     | Reached skill level 5 in Translocations
 10555 | D:10     | Reached skill level 5 in Transmutations
 10555 | D:10     | Reached skill level 5 in Fire Magic
 10555 | D:10     | Reached skill level 5 in Ice Magic
 10555 | D:10     | Reached skill level 5 in Air Magic
 10555 | D:10     | Reached skill level 5 in Earth Magic
 10555 | D:10     | Reached skill level 5 in Poison Magic
 10690 | D:10     | Reached ***** piety under Cheibriados
 10829 | D:10     | Learned a level 3 spell: Mephitic Cloud
 11283 | D:10     | Found a staircase to the Lair.
 11491 | Lair:1   | Entered Level 1 of the Lair of Beasts
 11738 | Lair:1   | Noticed a death yak
 11739 | Lair:1   | Noticed a death yak
 11742 | Lair:1   | Noticed a death yak
 11746 | Lair:1   | Noticed a death yak
 11765 | Lair:1   | Killed a death yak
 11775 | Lair:1   | Killed a death yak
 11792 | Lair:1   | Killed a death yak
 11812 | Lair:1   | Mangled by a death yak

Levels and vault maps discovered:
D:1:      dpeg_arrival_arbitrary_b, layout_basic
D:2:      layout_basic, nicolae_qazlal_style_of_elements, grunt_ministairs_7,
          minmay_misc_feat_columns
D:3:      layout_rooms, first_ration
D:4:      layout_rooms, serial_shops, nicolae_shop_statue_plus,
          chequers_serial_rivers_small_a, uniq_pikel, uniq_robin
D:5:      layout_cave_pools, nicolae_ossuary_entry_plus, minmay_misc_feat_rows,
          uniq_blork_the_orc
D:6:      layout_cave_pools, minmay_temple_entry_tees
D:7:      layout_loops_ring, hangedman_decor_lopped
D:8:      minmay_imperfect_grid, layout_basic, kennysheep_mini_moat,
          grunt_dithmenos_shadows, lemuel_doored_altar, david_nohive_1
D:9:      layout_basic, grunt_temple_overflow_order_and_chaos_1,
          grunt_temple_overflow_lords_of_destruction, david_orc_4,
          minmay_strange_pillars
D:10:     layout_grid_maze, lair_entry_dummy, minmay_misc_feat_square
Temple:   minmay_temple_curvy_branch
Lair:1:   layout_long_grid, serial_bayou_shore_b, grunt_megastairs_2

Skill      XL: |  1  2  3  4  5  6  7  8  9 10 11 |
---------------+----------------------------------+-----
Invocations    | 1 2 3 4 5 6 7 |  7.2
Short Blades   | 1 2 3 4 5 6 |  6.6
Long Blades    | 1 2 3 4 5 6 |  6.6
Maces & Flails | 1 2 3 4 5 6 |  6.6
Polearms       | 1 2 3 4 5 6 |  6.6
Staves         | 1 2 3 4 5 6 |  6.6
Slings         | 1 2 3 4 5 6 |  6.6
Bows           | 1 2 3 4 5 6 |  6.6
Throwing       | 1 2 3 4 5 6 |  6.6
Dodging        | 1 2 3 4 5 6 |  6.6
Unarmed Combat | 1 2 3 4 5 6 |  6.6
Spellcasting   | 1 2 3 4 5 6 |  6.6
Evocations     | 1 2 3 4 5 6 |  6.6
Conjurations   | 1 2 3 4 5 |  5.4
Hexes          | 1 2 3 4 5 |  5.4
Charms         | 1 2 3 4 5 |  5.4
Summonings     | 1 2 3 4 5 |  5.4
Necromancy     | 1 2 3 4 5 |  5.4
Translocations | 1 2 3 4 5 |  5.4
Transmutations | 1 2 3 4 5 |  5.4
Fire Magic     | 1 2 3 4 5 |  5.4
Ice Magic      | 1 2 3 4 5 |  5.4
Air Magic      | 1 2 3 4 5 |  5.4
Earth Magic    | 1 2 3 4 5 |  5.4
Poison Magic   | 1 2 3 4 5 |  5.4
Fighting       | 3 4 5 6 7 |  7.1
Crossbows      | 3 4 5 6 7 |  7.1
Shields        | 3 4 5 6 7 |  7.1
Axes           | 5 6 7 8 |  8.1
Stealth        | 3 4 5 6 7 |  7.0
Armour         | 9 10 | 10.7

Action                   |  1- 3 |  4- 6 |  7- 9 | 10-12 || total
-------------------------+-------+-------+-------+-------++-------
Melee: Hand axe          |    93 |   124 |       |       ||   217
       Bite              |     2 |    24 |    53 |    90 ||   169
       Punch             |     1 |     1 |     2 |       ||     4
       War axe           |       |    98 |   497 |   222 ||   817
       Scimitar          |       |       |       |   277 ||   277
 Cast: Mephitic Cloud    |       |       |       |     3 ||     3
Invok: Bend Time         |       |       |     3 |     7 ||    10
Evoke: Wand              |       |       |     1 |     1 ||     2
  Use: Scroll            |     2 |     6 |     7 |     7 ||    22
       Potion            |       |       |     3 |     3 ||     6
 Stab: Confused          |       |       |       |     3 ||     3
  Eat: Chunk             |     1 |     3 |    10 |    10 ||    24
       Ration            |       |     1 |     1 |       ||     2
Armor: Scale mail        |    58 |    86 |       |       ||   144
       Chain mail        |       |    41 |   392 |    97 ||   530
       Plate armour      |       |       |       |   103 ||   103
Dodge: Dodged            |    55 |   116 |   296 |   293 ||   760
Block: Buckler           |       |       |    94 |   163 ||   257
       Rpst.: Scimitar   |       |       |       |    52 ||    52

Table legend:
 A = Non-vault XP
 B = Vault XP
 C = Vault XP percentage of total XP
 D = Non-vault monster count
 E = Vault monster count
 F = Vault count percentage of total count
                 A         B        C        D         E       F
            +---------+---------+-------+---------+---------+-------
      Total |   11559 |    5623 |  32.7 |     184 |      88 |  32.4
            +---------+---------+-------+---------+---------+-------
        D:1 |      35 |       0 |   0.0 |      19 |       0 |   0.0
        D:2 |     121 |       2 |   1.6 |      21 |       1 |   4.5
        D:3 |     151 |       0 |   0.0 |      24 |       0 |   0.0
        D:4 |     154 |     677 |  81.5 |       8 |       8 |  50.0
        D:5 |     607 |      96 |  13.7 |      12 |       1 |   7.7
        D:6 |     318 |       0 |   0.0 |       6 |       0 |   0.0
        D:7 |     839 |       0 |   0.0 |      22 |       0 |   0.0
        D:8 |     851 |    3804 |  81.7 |      17 |      47 |  73.4
        D:9 |    2511 |     743 |  22.8 |      23 |      16 |  41.0
       D:10 |    2224 |       0 |   0.0 |      25 |       0 |   0.0
     Lair:1 |    3748 |       0 |   0.0 |       7 |       0 |   0.0
    Ossuary |       0 |     301 | 100.0 |       0 |      15 | 100.0
            +---------+---------+-------+---------+---------+-------
